 Dungeon Crawl Stone Soup version 0.29.1-1-gd02db6906a (webtiles) character file.

Game seed: 15841932703174124399

28 Descartes the Ducker (level 2, 0/12 HPs)
             Began as a Felid Wanderer on Oct 18, 2022.
             Slain by a hobgoblin (4 damage)
             ... on level 2 of the Dungeon.
             The game lasted 00:01:36 (1305 turns).

Descartes the Ducker (Felid Wanderer)               Turns: 1305, Time: 00:01:37

Health: 0/12       AC:  1    Str:  6    XL:     2   Next: 96%
Magic:  6/6        EV: 20    Int: 12    God:
Gold:   50         SH:  0    Dex: 18    Spells: 4/5 levels left
                                        Lives:  0   Deaths: 0

rFire   . . .      SeeInvis +     - Unarmed
rCold   . . .      Faith    .   (shield unavailable)
rNeg    + . .      Spirit   .   (body armour unavailable)
rPois   .          Reflect  .   (helmet unavailable)
rElec   .          Harm     .   (cloak unavailable)
rCorr   .          Rampage  .   (gloves unavailable)
Will    .....                   (boots unavailable)
Stlth   ++........              (no amulet)
HPRegen 0.04/turn               f - ring of positive energy
MPRegen 0.10/turn               (no ring)

@: quick
A: very small, claws 1, fangs 3, see invisible, speed 1, shaggy fur 1, stealthy
paws, no weapons or thrown items, no armour, multi-lived
a: no special abilities


You were on level 2 of the Dungeon.
You visited 1 branch of the dungeon, and saw 2 of its levels.

You collected 50 gold pieces.

Inventory:

Jewellery
 f - a ring of positive energy (left paw)
Wands
 j - a wand of charming (7)
Scrolls
 a - a scroll of fog
 c - a scroll of identify {unknown}
 d - 2 scrolls of vulnerability {unknown}
 e - 3 scrolls of acquirement {unknown}
Potions
 b - a potion of haste
 g - 4 potions of resistance {unknown}
 h - a potion of might {unknown}
 i - 2 potions of heal wounds {unknown}


   Skills:
 - Level 1.0 Fighting
 * Level 5.8 Dodging
 * Level 1.5 Unarmed Combat
 - Level 2.0 Spellcasting
 + Level 4.8 Translocations


You had 4 spell levels left.
You knew the following spells:

 Your Spells              Type           Power      Damage    Failure   Level
a - Apportation           Tloc           24%        N/A       3%          1

Your spell library contained the following spells:

 Spells                   Type           Power      Damage    Failure   Level
 Gell's Gravitas          Tloc           12%        N/A       12%         3
 Iskenderun's Mystic Bla  Conj/Tloc      6%         2d4       71%         4


Dungeon Overview and Level Annotations

Branches:
Dungeon (2/15)

Altars:

Shops:
D:2 [


Innate Abilities, Weirdness & Mutations

You have sharp claws.
You have razor-sharp teeth.
You have supernaturally acute eyesight. (SInv)
You cover ground quickly. (Speed+)
You are covered in fur. (AC +1)
Your paws help you pounce on unaware monsters.
You are incapable of wielding weapons or throwing items.
You cannot wear armour.
You gain extra lives every three experience levels.


Message History

You see here a +0 dagger.
You see here a +0 sling.
Things that are here:
a jackal skeleton; a jackal skeleton; a jackal skeleton Done exploring.
Done exploring.
There is a stone staircase leading down here.
You climb downwards.
There is a stone staircase leading up here.
No target in view!
Found 6 poisoned darts.
As you open the door, it creaks loudly!
Found a short sword.
There is an open door here.
Found a dagger.
You see here a +0 short sword.
Found Badar's Armour Boutique.
i - a fuming sapphire potion
There is an entrance to Badar's Armour Boutique here.
Found 3 stones.
Found a stone staircase leading down.
i - 2 fuming sapphire potions (gained 1)
There is a stone staircase leading down here.
You open the door.
There is an open door here.
j - a wand of charming (7)
Found 4 stones.
You open the door.
A hobgoblin comes into view.
The hobgoblin shouts!
You scratch the hobgoblin but do no damage.
Your bite misses the hobgoblin. The hobgoblin hits you.
You completely miss the hobgoblin. The hobgoblin hits you.
You are too injured to fight recklessly!
You are too injured to fight recklessly!
You scratch the hobgoblin.
You bite the hobgoblin, but do no damage.
The hobgoblin is moderately wounded.
The hobgoblin hits you.
You die...

...#............
###### ..#...∩........
#....( ..#............
#.....#..(.....#+#####
......#+##.......##
.........#....#...##
...................##
....................#
.......@............##
.######g#............#
..#........(...#
...#.........#.>#
....#.........##.#
.....#.........##'###
......#######.........
#......# #.........
####.........


You could see a hobgoblin.

Vanquished Creatures
  2 dart slugs (D:1)
  2 ball pythons (D:1)
  4 bats (D:1)
  2 endoplasms (D:1)
  2 goblins (D:1)
  A hobgoblin (D:1)
  4 jackals (D:1)
  A quokka (D:1)
  4 rats (D:1)
22 creatures vanquished.

Vanquished Creatures (others)
  3 demonic plants (D:1)
  3 fungi (D:1)
  A plant (D:1)
  2 withered plants (D:1)
9 creatures vanquished.

Grand Total: 31 creatures vanquished

Notes
Turn   | Place    | Note
-------+----------+-------------------------------------------
     0 | D:1      | Descartes the Felid Wanderer began the quest for the Orb.
     0 | D:1      | Descartes set off with the following items: a scroll of
                  | fog, a potion of haste; and the following spell memorised:
                  | Apportation; and the following spells available to
                  | memorise: Gell's Gravitas, Iskenderun's Mystic Blast.
     0 | D:1      | Reached XP level 1. HP: 9/9 MP: 4/4
   198 | D:1      | Reached XP level 2. HP: 8/12 MP: 6/6
   303 | D:1      | Reached skill level 1 in Unarmed Combat
   825 | D:1      | Found a faded altar of an unknown god.
  1259 | D:2      | Found Badar's Armour Boutique.
  1305 | D:2      | Slain by a hobgoblin

Illustrated notes

Levels and vault maps discovered:
D:1:      eino_arrival_tree_alley, layout_loops_ring,
          shapermc_ecumenical_altar_gd, minmay_pentomino_v2
D:2:      layout_basic, serial_shops, shop, serial_bayou_pond_b, uniq_jessica,
          uniq_robin

Skill      XL: |  1  2 |
---------------+-------+-----
Unarmed Combat | 1 |  1.5
Fighting       | |  1.0
Dodging        | |  5.8
Spellcasting   | |  2.0
Translocations | |  4.8

Action                   || total
-------------------------++-------
Melee: Unarmed           ||    88
       Bite              ||     6
       Punch             ||     2
 Stab: Sleeping          ||     2
Armor: Skin              ||     4
Dodge: Dodged            ||    74
